 Dungeon Crawl Stone Soup version 0.24.0-13-gcf9b319 (webtiles) character file.

Game seed: 59546550485230942, levelgen mode: deterministic

40392 Fang the Fighter (level 14, -5/94 HPs)
             Began as a Gargoyle Berserker on Nov 13, 2019.
             Was a High Priest of Trog.
             Slain by a dire elephant (11 damage)
             ... on level 6 of the Lair of Beasts.
             The game lasted 00:15:27 (14096 turns).

Fang the Fighter (Gargoyle Berserker)              Turns: 14096, Time: 00:15:28

Health: -5/94      AC: 30    Str: 27    XL:     14   Next: 10%
Magic:  14/14      EV: 19    Int:  7    God:    Trog [*****.]
Gold:   868        SH:  4    Dex:  9    Spells: 13/13 levels left

rFire    . . .     SeeInvis .   a - +4 war axe
rCold    + . .     Gourm    .   w - +0 buckler {rC+}
rNeg     + . .     Faith    .   i - quicksilver dragon scales
rPois    ∞         Spirit   .   u - +2 hat
rElec    +         Reflect  .   s - scarf {cloud immunity}
rCorr    .         Harm     .   t - +2 pair of gloves
MR       +++..                  (no boots)
Stlth    ..........             (no amulet)
HPRegen  0.25/turn              A - +3 ring of evasion
MPRegen  0.14/turn              y - ring of protection from magic

@: flying, mesmerised
A: big wings, negative energy resistance 1, electricity resistance, unbreathing,
petrification resistance, rot immunity, AC +10
a: Stop Flying, Berserk, Trog's Hand, Brothers in Arms, Renounce Religion


You were on level 6 of the Lair of Beasts.
You worshipped Trog.
Trog was extremely pleased with you.
You were not hungry.

You visited 3 branches of the dungeon, and saw 17 of its levels.

You collected 868 gold pieces.

Inventory:

Hand Weapons
 a - a +4 war axe (weapon)
 f - a +2 executioner's axe of chopping
 H - a +2 broad axe of chaos
Armour
 b - a +0 plate armour
 i - quicksilver dragon scales (worn)
 s - a scarf of cloud immunity (worn)
 t - a +2 pair of gloves (worn)
 u - a +2 hat (worn)
 w - a +0 buckler of cold resistance (worn)
Jewellery
 h - an uncursed ring of positive energy
 x - a +6 ring of intelligence
 y - a ring of protection from magic (right hand)
 A - a +3 ring of evasion (left hand)
 C - a +3 ring of evasion
Wands
 z - a wand of random effects (31)
 B - a wand of iceblast (9)
 E - a wand of paralysis (26)
 G - a wand of acid (10)
Scrolls
 d - 3 scrolls of teleportation
 k - 7 scrolls of identify
 p - 2 scrolls of magic mapping
 q - 3 scrolls of fear
 r - 4 scrolls of remove curse
 v - 3 scrolls of fog
Potions
 e - 9 potions of curing
 g - 4 potions of flight
 j - 3 potions of heal wounds
 l - 2 potions of brilliance {unknown}
 n - 2 potions of mutation
 o - 4 potions of resistance
 D - a potion of magic
 F - 3 potions of might
Comestibles
 c - 13 rations
 m - 9 chunks of flesh


   Skills:
 + Level 13.1 Fighting
 + Level 11.2 Axes
 + Level 12.9 Armour
 + Level 10.2 Dodging
 + Level 4.2 Shields


You had 13 spell levels left.
You didn't know any spells.
Your spell library was empty.

Dungeon Overview and Level Annotations

Branches:
Dungeon (10/15)            Temple (1/1) D:5            Lair (5/6) D:8
 Shoals (0/4) Lair:2        Snake (0/4) Lair:3
  Slime: Lair:5-6       Orc: D:9-12

Altars:
Ashenzari
Cheibriados
Elyvilon
Gozag
Hepliaklqana
Kikubaaqudgha
Makhleb
Okawaru
Sif Muna
Trog
Uskayaw
Wu Jian
Xom
Yredelemnul
The Shining One

Shops:
D:7 [

Annotations:
D:4 2 transporters, Solotaire's ghost, novice MiFi


Innate Abilities, Weirdness & Mutations

You are resistant to torment.
Your stone body is resilient. (AC +10)
You are immune to poison.
Your large and strong wings let you fly indefinitely.
You resist negative energy. (rN+)
You are resistant to electric shocks. (rElec)
You can survive without breathing.
You are immune to petrification.
You are immune to rotting.


Message History

You hit the dire elephant but do no damage.
The dire elephant is lightly wounded.
You slice the polar bear!! You slash the wind drake!
You hit the elephant but do no damage. The polar bear bites you!
* * * LOW HITPOINT WARNING * * *
The polar bear misses you. The polar bear completely misses you.
The dire elephant misses you.
The dire elephant trunk-slaps you but does no damage.
The wind drake exhales a fierce blast of wind!
You are blown backwards!
The merfolk avatar chants its luring song.
The dire elephant tramples you!!
* * * LOW HITPOINT WARNING * * *
You hold your ground!
You block the dire elephant's attack.
The wind drake bites the plant but does no damage.
The merfolk avatar chants its luring song.
You see here a harpy corpse.
The wind drake bites the plant but does no damage.
The dire elephant tramples you!
You die...

.........≈≈≈≈ ≈
.........≈≈≈ ≈
..........##≈#####
.........≈##≈#≈≈.#8≈≈≈≈≈≈
.........≈≈≈≈≈≈≈≈#≈≈≈≈≈P≈
.......÷.≈≈≈≈≈≈P≈#≈≈≈≈≈≈≈
..........##≈P≈≈≈#≈≈≈≈≈≈≈
.........≈#.P#≈≈≈#≈≈≈([)(
..........≈≈≈≈≈P@#≈≈≈!≈≈/
....P..#.≈≈≈≈≈≈#YY≈P≈!≈≈:
......###.##≈.†#≈†k≈m?|[)
.......##≈##≈≈≈≈≈#≈≈≈≈≈≈≈
....#...#≈≈P≈≈≈≈≈#≈≈≈≈≈≈≈
......##≈≈≈≈≈≈≈≈≈#≈≈≈#≈##
......#..≈..≈#≈≈.#8≈≈≈≈≈≈
..........#.≈########....
....÷.....P≈≈≈ ≈#≈≈


You could see a dire elephant, a merfolk avatar, an elephant and a wind drake.

Vanquished Creatures
  Gastronok (Lair:1)
  Josephine (Lair:5)
  An anaconda (Lair:5)
  A dancing weapon (D:9)
  4 death yaks (Lair:5)
  3 two-headed ogres
  The ghost of Menobread the Destroyer, a novice OpCj of Vehumet (D:9)
  A harpy (Lair:6)
  12 elephants
  6 black mambas
  A torpor snail (Lair:4)
  10 spiny frogs
  10 komodo dragons
  3 rime drakes
  2 hornets
  A polar bear (Lair:6)
  4 dream sheep (Lair:4)
  Grinder (D:5)
  11 hippogriffs
  7 blink frogs
  3 wyverns
  2 wraiths (Lair:5)
  14 yaks
  A spriggan (Lair:2)
  Eustachio (D:6)
  2 hungry ghosts
  A steam dragon (Lair:3)
  Grum (D:9)
  4 nagas (Lair:3)
  An acid dragon (D:9)
  15 water moccasins
  13 porcupines
  2 necrophages
  2 sky beasts
  An ice beast (D:8)
  An orc warrior (D:8)
  3 phantoms
  13 wolves
  4 ogres
  4 centaurs
  9 crocodiles
  Blork the orc (D:6)
  16 bullfrogs
  2 scorpions
  16 killer bees
  13 wights
  An electric eel (Lair:2)
  4 howler monkeys
  4 crimson imps
  A quasit (D:5)
  2 jellies
  7 orc wizards
  A gnoll shaman (D:6)
  2 hounds
  4 bullfrog skeletons
  6 orc priests
  A centaur skeleton (D:4)
  Jessica (D:3)
  3 iguanas
  9 worker ants
  3 hound skeletons
  A worker ant zombie (D:6)
  8 gnolls (D:6)
  9 adders
  3 shadow imps
  An ooze (D:1)
  4 adder skeletons
  2 worms (D:3)
  A dart slug (D:2)
  6 leopard geckos
  19 orcs
  4 bats
  6 giant cockroaches
  7 goblins
  7 hobgoblins
  3 jackals (D:2)
  4 quokkas
  2 ball pythons (D:1)
  A ball python skeleton (D:5)
  4 frilled lizards
  A giant cockroach zombie (D:6)
  7 kobolds
  A leopard gecko zombie (D:6)
  5 rats
  A fungus (Lair:6)
  3 plants
385 creatures vanquished.

Vanquished Creatures (collateral kills)
  A wraith (Lair:5)
  A water moccasin (Lair:5)
2 creatures vanquished.

Vanquished Creatures (others)
  A bush (Lair:2)
  A fungus (Lair:5)
  11 plants
13 creatures vanquished.

Grand Total: 400 creatures vanquished

Notes
Turn   | Place    | Note
-------+----------+-------------------------------------------
     0 | D:1      | Fang the Gargoyle Berserker began the quest for the Orb.
     0 | D:1      | Reached XP level 1. HP: 14/14 MP: 1/1
   144 | D:1      | Reached XP level 2. HP: 19/19 MP: 2/2
   860 | D:2      | Reached XP level 3. HP: 18/23 MP: 3/3
  1011 | D:2      | Reached ** piety under Trog
  1546 | D:2      | Reached XP level 4. HP: 29/29 MP: 4/4
  1977 | D:3      | Reached skill level 4 in Fighting
  2069 | D:3      | Reached XP level 5. HP: 33/33 MP: 5/5
  2346 | D:3      | Found a basalt altar of Yredelemnul.
  2397 | D:3      | Found an opulent altar of Gozag.
  2475 | D:3      | Noticed Jessica
  2478 | D:3      | Killed Jessica
  2591 | D:4      | Reached *** piety under Trog
  2705 | D:4      | Reached XP level 6. HP: 34/39 MP: 6/6
  2848 | D:4      | Noticed a hungry ghost
  2862 | D:4      | Paralysed by fainting for 6 turns
  2924 | D:4      | Killed a hungry ghost
  3111 | D:4      | Found an ornate altar of the Wu Jian Council.
  3193 | D:4      | Noticed Solotaire's ghost (novice MiFi)
  3194 | D:4      | Found a transporter.
  3194 | D:4      | Found a transporter.
  3194 | D:4      | Identified the +7 dire flail of Disintegration {holy, rC+}
  3405 | D:4      | Reached skill level 5 in Fighting
  3576 | D:5      | Entered Level 5 of the Dungeon
  3625 | D:5      | Reached XP level 7. HP: 43/44 MP: 7/7
  3916 | D:5      | Found a staircase to the Ecumenical Temple.
  3929 | Temple   | Entered the Ecumenical Temple
  4015 | D:5      | Reached skill level 5 in Armour
  4193 | D:5      | Noticed Grinder
  4225 | D:5      | Killed Grinder
  4225 | D:5      | Reached XP level 8. HP: 39/51 MP: 8/8
  4259 | D:5      | Reached skill level 6 in Fighting
  4264 | D:5      | Reached skill level 5 in Axes
  4473 | D:6      | Found a snail-covered altar of Cheibriados.
  4474 | D:6      | Found an iron altar of Okawaru.
  4474 | D:6      | Found a shimmering blue altar of Sif Muna.
  4474 | D:6      | Found a burning altar of Makhleb.
  4476 | D:6      | Found a bloodstained altar of Trog.
  4479 | D:6      | Found a hide-covered altar of Uskayaw.
  4505 | D:6      | Noticed Blork the orc
  4542 | D:6      | Killed Blork the orc
  4693 | D:6      | Found an ancient bone altar of Kikubaaqudgha.
  4715 | D:6      | Reached **** piety under Trog
  5050 | D:6      | Noticed Eustachio
  5094 | D:6      | Killed Eustachio
  5281 | D:6      | Found a shimmering altar of Xom.
  5301 | D:6      | Reached XP level 9. HP: 50/56 MP: 9/9
  5306 | D:6      | Found a hazy altar of Hepliaklqana.
  5347 | D:6      | Reached skill level 7 in Fighting
  5477 | D:6      | Found a glowing golden altar of the Shining One.
  5631 | D:7      | Reached skill level 5 in Dodging
  5787 | D:7      | Found Xangaf's Antique Armour Boutique.
  6360 | D:8      | Reached skill level 8 in Fighting
  6407 | D:8      | Reached ***** piety under Trog
  6407 | D:8      | Reached XP level 10. HP: 42/64 MP: 10/10
  6572 | D:8      | Found a white marble altar of Elyvilon.
  7045 | D:8      | Reached skill level 9 in Fighting
  7308 | D:8      | Found a staircase to the Lair.
  7475 | D:9      | Found a shattered altar of Ashenzari.
  7672 | D:9      | Noticed a two-headed ogre
  7680 | D:9      | Killed a two-headed ogre
  7684 | D:9      | Found a runed translucent door.
  7684 | D:9      | Found a shimmering altar of Xom.
  7684 | D:9      | Noticed Menobread's ghost (novice OpCj)
  7685 | D:9      | Noticed a +0 broad axe of chaos
  7791 | D:10     | Entered Level 10 of the Dungeon
  7807 | D:9      | Killed a +0 broad axe of chaos
  7807 | D:9      | Reached XP level 11. HP: 47/72 MP: 11/11
  7816 | D:9      | Killed Menobread's ghost
  7858 | D:9      | Noticed Grum
  7866 | D:9      | Killed Grum
  7878 | D:9      | Reached skill level 10 in Fighting
  8367 | D:10     | Noticed a two-headed ogre
  8377 | D:10     | Killed a two-headed ogre
  8385 | D:10     | Noticed a two-headed ogre
  8513 | D:10     | Received a gift from Trog
  8518 | D:10     | Killed a two-headed ogre
  8518 | D:10     | Reached skill level 10 in Armour
  8523 | D:10     | Noticed a deep elf mage
  8523 | D:10     | Noticed a seven-headed hydra
  8823 | Lair:1   | Entered Level 1 of the Lair of Beasts
  9119 | Lair:1   | Identified a scroll of acquirement
  9593 | Lair:1   | Noticed Gastronok
  9606 | Lair:1   | Killed Gastronok
  9606 | Lair:1   | Reached skill level 11 in Fighting
  9606 | Lair:1   | Reached XP level 12. HP: 80/80 MP: 12/12
  9773 | Lair:2   | You fall into a shaft and drop 2 floors!
 10168 | Lair:4   | Reached skill level 10 in Axes
 10839 | Lair:3   | Reached skill level 12 in Fighting
 10871 | Lair:3   | Found a staircase to the Snake Pit.
 10875 | Lair:3   | Reached XP level 13. HP: 86/86 MP: 13/13
 11706 | Lair:2   | Found a staircase to the Shoals.
 12820 | Lair:5   | Noticed Josephine
 12831 | Lair:5   | Killed Josephine
 12832 | Lair:5   | Reached skill level 1 in Shields
 13662 | Lair:5   | Reached skill level 10 in Dodging
 13716 | Lair:5   | You fall into a shaft and drop 1 floor!
 13716 | Lair:6   | Entered Level 6 of the Lair of Beasts
 13893 | Lair:6   | Reached skill level 13 in Fighting
 13949 | Lair:6   | Gained mutation: Your large and strong wings let you fly
                  | indefinitely. [Gargoyle growth]
 13949 | Lair:6   | Reached XP level 14. HP: 76/94 MP: 14/14
 14078 | Lair:6   | Noticed a dire elephant
 14096 | Lair:6   | Slain by a dire elephant

Levels and vault maps discovered:
D:1:      matt_arrival_los_fun, layout_basic
D:2:      layout_basic, first_ration
D:3:      layout_rooms, marbit_many_paths, old_standard_altar, minivault_24,
          uniq_jessica
D:4:      layout_basic, kennysheep_mini, gammafunk_ghost_smash
D:5:      layout_basic, minmay_temple_entry_proselytizer, kennysheep_cross_room,
          kennysheep_generic_room_9, uniq_grinder
D:6:      layout_basic, nicolae_overflow_crystal_walls, old_standard_altar,
          lemuel_doored_altar, minitemple, basic_altar, uniq_eustachio,
          uniq_blork_the_orc
D:7:      layout_basic, serial_shops, shop, glass_columns_a
D:8:      layout_rooms, david_lair_shrubbed, basic_altar
D:9:      layout_irregular_city, ebering_ghost_xom, cheibrodos_ashenzari_chains,
          uniq_grum
D:10:     minmay_the_grid_octo_2x2 [minmay_the_grid_octo_empty,
          minmay_the_grid_octo_fat_diamond, minmay_the_grid_octo_focus,
          minmay_the_grid_octo_prize_star], layout_stronghold,
          zombieorc2_lemuel, uniq_nergalle, uniq_erolcha
Temple:   cyrus_temple_forest
Lair:1:   layout_big_grid, st_stairs_8, uniq_gastronok
Lair:2:   layout_chaotic_city, elwin_shoals_entry_rocks,
          grunt_forest_large_clearing_hut, serial_bayou_shore_a
Lair:3:   layout_long_grid, minmay_snake_entry_guardpost_small,
          grunt_megastairs_1
Lair:4:   layout_big_grid
Lair:5:   beast_lair_carwin_large_3, layout_gridlike, slime_altar_2,
          eino_house_with_fridge, uniq_josephine
Lair:6:   gammafunk_lair_ancient_temple, layout_gridlike

Skill      XL: |  1  2  3  4  5  6  7  8  9 10 11 12 13 14 |
---------------+-------------------------------------------+-----
Axes           | 3 4 5 6 8 9 10 11 | 11.2
Dodging        | 2 3 4 5 7 8 9 10 | 10.2
Armour         | 3 4 5 6 7 9 10 11 12 | 12.9
Fighting       | 4 5 6 8 9 11 12 13 | 13.1
Shields        | 3 4 |  4.2

Action                   |  1- 3 |  4- 6 |  7- 9 | 10-12 | 13-15 || total
-------------------------+-------+-------+-------+-------+-------++-------
Melee: Hand axe          |   127 |   227 |   418 |       |       ||   772
       War axe           |       |       |    69 |   327 |   266 ||   662
       Executioner's axe |       |       |       |   171 |    99 ||   270
Invok: Berserk           |       |     2 |     4 |     8 |     4 ||    18
       Trog's Hand       |       |       |       |     1 |     1 ||     2
 Abil: Fly               |       |       |       |       |     1 ||     1
  Use: Scroll            |       |       |       |    22 |     4 ||    26
 Stab: Invisible         |       |       |       |     2 |       ||     2
  Eat: Chunk             |     2 |     7 |     8 |    21 |    15 ||    53
       Ration            |       |     3 |     2 |     1 |       ||     6
Armor: Chain mail        |    34 |       |       |       |       ||    34
       Animal skin       |     1 |       |       |       |       ||     1
       Quicksilver drago |    47 |   119 |   306 |   345 |   248 ||  1065
Dodge: Dodged            |    80 |   150 |   454 |   698 |   462 ||  1844
Block: Buckler           |       |       |       |       |    59 ||    59
